 Dungeon Crawl Stone Soup version 0.22.0-16-gc6d26f6 (webtiles) character file.

372740 Inarius the Minotaur Blade (level 21, -6/202 HPs)
             Began as a Minotaur Abyssal Knight on Aug 17, 2018.
             Was the Champion of Lugonu.
             Mangled by an Ice Fiend (23 damage)
             ... summoned by a deep elf demonologist
             ... led by an ironheart preserver
             ... on level 4 of the Vaults.
             The game lasted 03:06:04 (58040 turns).

Inarius the Minotaur Blade (MiAK)                  Turns: 58040, Time: 03:06:04

Health: -6/202     AC: 31    Str: 25    XL:     21   Next: 73%
Magic:  31/31      EV: 18    Int:  9    God:    Lugonu [******]
Gold:   3042       SH: 16    Dex: 14    Spells: 20/20 levels left

rFire    + . .     SeeInvis +   a - +3 scimitar (distort)
rCold    + . .     Gourm    .   R - +1 shield {reflect}
rNeg     . . .     Faith    .   P - +3 plate armour {rF+}
rPois    .         Spirit   .   l - +2 hat
rElec    .         Reflect  +   t - +2 cloak {MR+}
rCorr    .         Harm     .   r - +2 pair of gloves
MR       ++...                  (no boots)
Stlth    ..........             y - amulet of regeneration
HPRegen  0.83/turn              L - ring of Ovich {rC+ Int+2 Dex+2 SInv}
MPRegen  0.22/turn              Y - +6 ring of evasion

@: no status effects
A: retaliatory headbutt, horns 2, dopey 1
}: 2/15 runes: barnacled, gossamer
a: Depart the Abyss, Bend Space, Banish, Corrupt, Enter the Abyss, Brand Weapon
With Distortion, Renounce Religion


You were on level 4 of the Vaults.
You worshipped Lugonu.
Lugonu was exalted by your worship.
You were very hungry.

You visited 7 branches of the dungeon, and saw 38 of its levels.
You visited the Abyss 2 times.
You also visited: Sewer, Ice Cave and Volcano.

You collected 5958 gold pieces.
You spent 2916 gold pieces at shops.

Inventory:

Hand Weapons
 a - a +3 scimitar of distortion (weapon)
 b - a +3 rapier of electrocution
Armour
 l - a +2 hat (worn)
 r - a +2 pair of gloves (worn)
 t - a +2 cloak of magic resistance (worn)
 P - a +3 plate armour of fire resistance (worn)
 R - a +1 shield of reflection (worn)
Jewellery
 y - an amulet of regeneration (around neck)
 H - a +2 ring of slaying
 L - the ring of Ovich (left hand) {rC+ Int+2 Dex+2 SInv}
   (You found it in an ice cave)

   [ring of protection from cold]

   It affects your intelligence (+2).
   It affects your dexterity (+2).
   It protects you from cold.
   It lets you see invisible.
 M - the amulet of the Four Winds {rN+ MR+++ Clar}
   (You bought it in a shop on level 3 of the Vaults)

   [amulet of nothing]

   It protects you from negative energy.
   It affects your resistance to hostile enchantments.
   It protects you against confusion.
 Q - a +5 ring of protection
 Y - a +6 ring of evasion (right hand)
Wands
 e - a wand of disintegration (1)
 h - a wand of iceblast (42)
 m - a wand of paralysis (22)
 w - a wand of polymorph (33)
 C - a wand of enslavement (15)
 D - a wand of flame (60)
 F - a wand of digging (15)
 J - a wand of acid (20)
 N - a wand of random effects (34)
 S - a wand of clouds (5)
Scrolls
 i - 2 scrolls of blinking
 j - 9 scrolls of immolation
 n - a scroll of enchant armour
 u - 26 scrolls of remove curse
 v - 7 scrolls of vulnerability
 x - 12 scrolls of identify
 z - 7 scrolls of fear
 B - 2 scrolls of amnesia
 E - 12 scrolls of fog
 G - a scroll of holy word
 T - 10 scrolls of teleportation
 X - 2 scrolls of magic mapping
Potions
 d - 6 potions of heal wounds
 g - 14 potions of curing
 k - 6 potions of flight
 o - 5 potions of agility
 q - 7 potions of haste
 s - a potion of cancellation
 A - 4 potions of berserk rage
 I - 4 potions of ambrosia
 V - 2 potions of mutation
 W - 4 potions of invisibility
 Z - 2 potions of might
Miscellaneous
 p - a lightning rod (4/4)
 U - 2 boxes of beasts
Comestibles
 c - 52 rations


   Skills:
 + Level 20.5 Fighting
 + Level 12.1(17.8) Short Blades
 + Level 22.3(23.3) Long Blades
 + Level 19.1 Armour
 + Level 8.1 Dodging
 - Level 0.6 Stealth
 + Level 17.4 Shields
 * Level 15.8 Invocations
 - Level 7.0 Evocations


You had 20 spell levels left.
You didn't know any spells.
Your spell library contained the following spells:

 Spells                   Type           Power        Failure   Level  Hunger
 Cause Fear               Hex            #.........   100%        4    #####..
 Apportation              Tloc           #.....       92%         1    ##.....
 Conjure Flame            Conj/Fire      #.......     100%        3    ####...
 Bolt of Cold             Conj/Ice       #.........   100%        6    #######
 Lightning Bolt           Conj/Air       #.........   100%        5    ######.
 Slow                     Hex            #.......     98%         2    ###....
 Confuse                  Hex            #.......     100%        3    ####...
 Invisibility             Hex            #.......     100%        6    #######
 Throw Frost              Conj/Ice       #.....       98%         2    ###....
 Freezing Cloud           Conj/Ice/Air   #.........   100%        6    #######
 Mephitic Cloud           Conj/Pois/Air  #.......     100%        3    ####...
 Ring of Flames           Chrm/Fire      #.........   100%        7    #######
 Summon Small Mammal      Summ           #...         92%         1    ##.....
 Animate Skeleton         Necr           N/A          92%         1    ##.....
 Freeze                   Ice            #...         92%         1    ##.....
 Ozocubu's Refrigeration  Ice            #.........   100%        6    #######
 Summon Ice Beast         Ice/Summ       #.......     100%        4    #####..
 Ozocubu's Armour         Chrm/Ice       #.......     100%        3    ####...
 Call Imp                 Summ           #.......     98%         2    ###....
 Tukima's Dance           Hex            #.......     100%        3    ####...
 Summon Demon             Summ           #.........   100%        5    ######.
 Stone Arrow              Conj/Erth      #.....       100%        3    ####...
 Shock                    Conj/Air       #...         92%         1    ##.....
 Swiftness                Chrm/Air       #.......     98%         2    ###....
 Recall                   Summ/Tloc      N/A          100%        3    ####...
 Ice Form                 Ice/Tmut       #.......     100%        4    #####..
 Deflect Missiles         Chrm/Air       #.........   100%        6    #######
 Throw Icicle             Conj/Ice       #.......     100%        4    #####..
 Airstrike                Air            #.........   100%        4    #####..
 Shadow Creatures         Summ           N/A          100%        6    #######
 Confusing Touch          Hex            #.....       92%         1    ##.....
 Passwall                 Tmut/Erth      #.......     98%         2    ###....
 Metabolic Englaciation   Hex/Ice        #.........   100%        5    ######.
 Summon Butterflies       Summ           #.......     92%         1    ##.....
 Silence                  Hex/Air        #.........   100%        5    ######.
 Shatter                  Erth           #.........   100%        9    #######
 Static Discharge         Conj/Air       #.......     100%        3    ####...
 Corona                   Hex            #......      92%         1    ##.....
 Alistair's Intoxication  Tmut/Pois      #.......     100%        5    ######.
 Lee's Rapid Deconstruct  Erth           #.........   100%        5    ######.
 Sandblast                Erth           #.....       92%         1    ##.....
 Simulacrum               Ice/Necr       #.........   100%        6    #######
 Conjure Ball Lightning   Conj/Air       #.........   100%        6    #######
 Portal Projectile        Hex/Tloc       #.....       100%        3    ####...
 Petrify                  Tmut/Erth      #.......     100%        4    #####..
 Tornado                  Air            #.........   100%        9    #######
 Leda's Liquefaction      Hex/Erth       #.........   100%        4    #####..
 Inner Flame              Hex/Fire       #.......     100%        3    ####...
 Aura of Abjuration       Summ           #.........   100%        5    ######.
 Summon Forest            Summ/Tloc      #.........   100%        5    ######.
 Summon Lightning Spire   Summ/Air       #.......     100%        4    #####..
 Dragon's Call            Summ           #.........   100%        9    #######
 Summon Mana Viper        Hex/Summ       #.......     100%        5    ######.
 Gell's Gravitas          Tloc           #.........   100%        3    ####...
 Yara's Violent Unravell  Hex/Tmut       #.........   100%        5    ######.
 Lesser Beckoning         Tloc           #.........   100%        3    ####...
 Poisonous Vapours        Pois/Air       #.....       98%         2    ###....
 Ignition                 Fire           #.........   100%        8    #######


Dungeon Overview and Level Annotations

Branches:
Dungeon (15/15)            Temple (0/1) D:5            Lair (6/6) D:10
 Shoals (4/4) Lair:2       Spider (4/4) Lair:4        Slime (0/5) Lair:5
    Orc (2/2) D:11            Elf (3/3) Orc:2        Vaults (4/5) D:13
  Crypt (0/3) Vaults:2     Depths (0/5) D:15

Altars:
Dithmenos
Gozag
Hepliaklqana
Makhleb
Okawaru
Qazlal
Ru
Sif Muna
Trog
Uskayaw
Vehumet
Wu Jian

Shops:
D:5 [   D:8 *   D:10 :   D:14 **   Orc:2 ([*=   Shoals:1 (   Vaults:3 =

Annotations:
Spider:3 Arachne
Abyss:1 Ilsuiw, Roxanne


Innate Abilities, Weirdness & Mutations

You reflexively headbutt those who attack you in melee.
You have a pair of horns on your head.
You are dopey. (Int -2)


Message History

An ironheart preserver comes into view. It is wielding a dire flail.
The Ice Fiend misses you. The Ice Fiend claws you.
* * * LOW HITPOINT WARNING * * *
The Ice Fiend freezes you!! You resist.
* * * LOW HITPOINT WARNING * * *
You block the deep elf knight's attack. The deep elf mage barely misses you.
You riposte.
You slice the deep elf mage!!
You kill the deep elf mage!
Lugonu accepts your kill.
The ice devil disappears in a puff of smoke!
You block the deep elf mage's attack.
You slice the deep elf mage!!
You kill the deep elf mage!
Lugonu accepts your kill.
The vault sentinel blows a loud note on a signal horn!
The Ice Fiend claws you but does no damage.
The Ice Fiend claws you!
* * * LOW HITPOINT WARNING * * *
The Ice Fiend freezes you!! You resist.
You die...

#.....##.....
#.....##..... #e
#.....# #. #.....#
#.p #.....# #e.
#.....# ... #.....#
#####(#######.....#
#...+.pp@1(.#.....#
#...#.)e#)..'.....# #
#.p.##..#.....#
#.....####.....#
........ #.....#
#.....#.... #.....# #
#.(.........#.......
.
####.....####........
. ##...## #........ .


You could see 2 ironheart preservers, an Ice Fiend, a vault sentinel and a deep
elf knight.

Vanquished Creatures
  Nikola (Vaults:2)
  Asterion (Vaults:1)
  A deep elf blademaster (Elf:3)
  2 sphinxes
  Kirke (Lair:6)
  3 tengu reavers
  Donald (Orc:2)
  A deep elf sorcerer (Elf:1)
  2 frost giants
  8 vault wardens
  2 orc warlords
  3 emperor scorpions (Spider:4)
  A deep elf elementalist (Elf:3)
  4 ghost moths
  The ghost of Axoor the Blocker, a journeyman MiFi of Makhleb (D:13)
  A war gargoyle (Vaults:4)
  5 very ugly things
  11 ironheart preservers
  7 stone giants
  A vampire knight (Vaults:1)
  A deep elf demonologist (Vaults:4)
  5 entropy weavers
  A black draconian (Vaults:1)
  4 dire elephants (Lair:6)
  A red draconian (Vaults:1)
  3 spark wasps
  Snorg (D:12)
  2 ettins (Vaults:3)
  2 deep elf death magi
  5 merfolk javelineers
  3 merfolk impalers
  Harold (D:6)
  Josephine (D:10)
  9 yaktaur captains
  2 great orbs of eyes
  2 rakshasas
  16 vault guards
  3 ice dragons
  3 ogre magi
  Erolcha (Orc:1)
  6 hydras
  2 merfolk avatars (Shoals:3)
  A death knight (D:13)
  4 centaur warriors
  A deep troll shaman (Vaults:4)
  The ghost of buskinjo the Severer, a novice MiGl of Okawaru (D:9)
  9 two-headed ogres
  22 dancing weapons
  An anaconda (Lair:6)
  A catoblepas (D:12)
  7 merfolk aquamancers
  3 satyrs
  6 death scarabs (Spider:4)
  10 death yaks
  A thrashing horror (Abyss:2)
  A shock serpent (D:14)
  Urug (Lair:3)
  3 orc high priests (Orc:2)
  13 deep elf knights
  Sonja (Lair:6)
  5 skeletal warriors
  Nergalle (D:11)
  4 sea snakes
  3 flayed ghosts
  An unseen horror (D:11)
  3 shadow wraiths
  A wizard (D:14)
  13 deep elf archers
  10 deep trolls
  A glowing orange brain (Vaults:1)
  A phantasmal warrior (D:13)
  26 harpies
  2 spectral wolf spiders (Spider:4)
  18 ironbrand convokers
  A naga ritualist (D:14)
  10 orc knights
  5 anaconda skeletons (Volcano)
  47 deep elf magi
  A wolf spider zombie (Spider:4)
  6 orc sorcerers
  A necromancer (D:15)
  16 orb spiders
  21 ugly things
  32 wolf spiders
  5 manticores
  A salamander (D:14)
  A moth of wrath (shapeshifter) (Vaults:1)
  9 cyclopes
  14 fauns
  4 moths of wrath
  9 merfolk sirens
  Maurice (D:12)
  36 elephants
  4 black mambas
  A worldbinder (Abyss:2)
  16 vault sentinels
  A centaur zombie (D:6)
  A water nymph (Shoals:2)
  A smoke demon (Abyss:2)
  2 torpor snails (Spider:3)
  7 gargoyles
  A yaktaur zombie (D:15)
  A spiny frog (shapeshifter) (D:15)
  An eye of devastation (Vaults:3)
  15 demonic crawlers
  2 efreet
  4 kobold demonologists
  A redback zombie (Spider:4)
  3 spectral redbacks (Spider:4)
  10 spiny frogs
  20 yaktaurs
  A hellwing (Abyss:2)
  7 komodo dragons
  5 freezing wraiths
  30 merfolk
  A troll (shapeshifter) (Vaults:1)
  16 polar bears
  A wind drake (Shoals:4)
  A queen bee (D:10)
  6 trolls
  9 hornets
  A harpy skeleton (D:15)
  47 jumping spiders
  Grinder (D:3)
  3 spectral jumping spiders (Spider:4)
  A tyrant leech (Spider:4)
  19 slime creatures
  3 spectral tarantellas (Spider:4)
  A deep troll zombie (D:15)
  Prince Ribbit (D:8)
  11 hippogriffs
  18 dream sheep
  2 jumping spider zombies (Spider:4)
  3 tarantella zombies (Spider:4)
  13 blink frogs
  2 vampires (Vaults:2)
  A hippogriff (shapeshifter) (Vaults:3)
  7 snapping turtles
  A spriggan (shapeshifter) (Vaults:3)
  3 spriggans
  2 flying skulls (Volcano)
  63 yaks
  2 shadows (D:14)
  4 air elementals
  3 starcursed masses (Abyss:2)
  59 redbacks
  6 wyverns
  An ettin skeleton (D:15)
  A wyvern (shapeshifter) (Vaults:3)
  15 water elementals
  An alligator skeleton (Volcano)
  6 wraiths
  A hog (Lair:6)
  49 tarantellas
  5 basilisks
  4 hungry ghosts
  A golden eye (shapeshifter) (Vaults:3)
  A yaktaur simulacrum (Vaults:2)
  4 vampire mosquitoes
  5 wargs
  A soldier ant (D:11)
  A swamp worm (Orc:2)
  6 acid dragons
  A small abomination (Abyss:2)
  17 water moccasins
  A spectral hornet (Spider:4)
  4 porcupines
  5 sky beasts
  A black bear (Lair:4)
  2 ice beasts
  A black bear (shapeshifter) (Vaults:1)
  55 orc warriors
  2 hornet zombies
  An eye of draining (D:13)
  6 phantoms
  A necrophage (D:9)
  23 ogres
  23 wolves
  25 centaurs
  6 crocodiles
  6 big kobolds
  A gnoll sergeant (D:12)
  13 bullfrogs
  An ogre simulacrum (Vaults:1)
  4 earth elementals
  5 scorpions
  A wyvern skeleton (D:13)
  29 killer bees (D:10)
  2 spriggan skeletons (Volcano)
  7 electric eels
  4 howler monkeys
  A tengu skeleton (D:15)
  15 wights
  8 crimson imps
  A bullfrog zombie (D:9)
  10 hounds
  5 jellies
  31 orc priests
  7 centaur skeletons
  An iron imp (Abyss:2)
  34 orc wizards
  2 bullfrog skeletons
  Terence (D:3)
  5 iguanas
  10 worker ants
  2 hell rats (Lair:6)
  3 naga skeletons (Volcano)
  2 hound zombies
  8 gnolls
  14 adders
  8 river rats
  4 shadow imps
  2 oozes
  An adder skeleton (D:4)
  2 worms
  A dart slug (D:1)
  6 leopard geckos
  114 orcs
  3 giant cockroaches
  6 hobgoblins
  11 jackals
  24 kobolds
  2 quokkas
  2 ball pythons
  8 bats
  9 frilled lizards
  10 goblins
  A quokka skeleton (D:5)
  19 rats
  3 plants
1716 creatures vanquished.

Vanquished Creatures (others)
  A deep elf sorcerer (Elf:2)
  A ghost moth (Spider:4)
  A vault warden (Vaults:4)
  An ironheart preserver (Vaults:4)
  The ghost of Teq Ziqo the Nimble, a journeyman HaHu of Fedhas (D:12)
  2 stone giants (Vaults:1)
  A spark wasp (Spider:4)
  2 merfolk javelineers (Shoals:4)
  4 merfolk impalers
  2 yaktaur captains (Vaults:1)
  A deep elf high priest (Elf:3)
  5 vault guards
  A merfolk avatar (Shoals:3)
  2 centaur warriors
  A two-headed ogre (Vaults:4)
  2 merfolk aquamancers
  2 death scarabs (Spider:4)
  A vampire mage (Vaults:3)
  2 dancing weapons (Elf:2)
  A satyr (Shoals:4)
  An orc high priest (Orc:2)
  3 deep elf knights
  A shadow wraith (Vaults:1)
  2 sea snakes
  2 starcursed masses (Abyss:2)
  An ironbrand convoker (Vaults:3)
  An orc knight (Vaults:2)
  3 deep elf archers
  A harpy (Shoals:4)
  2 orb spiders
  9 deep elf magi
  A spectral wolf spider (Spider:4)
  2 manticores
  6 wolf spiders
  5 fauns
  A salamander (Spider:4)
  2 merfolk sirens (Shoals:4)
  A torpor snail (Spider:3)
  2 vault sentinels
  3 yaktaurs
  A freezing wraith (Vaults:1)
  2 demonic crawlers (Spider:2)
  A spectral redback (Spider:4)
  5 jumping spiders
  A queen bee (shapeshifter) (Vaults:4)
  6 merfolk
  2 polar bears (IceCv)
  A hornet (Spider:4)
  2 wind drakes
  A blink frog (Spider:4)
  A dream sheep (Shoals:1)
  A flying skull (Volcano)
  A tarantella (Spider:2)
  5 redbacks
  A vampire (Vaults:2)
  2 humans (Lair:6)
  2 water elementals
  2 wraiths
  A water moccasin (Lair:2)
  2 orc warriors (Orc:2)
  An ogre (Vaults:4)
  A wolf (IceCv)
  5 centaurs
  A bullfrog (D:15)
  An earth elemental (Elf:2)
  An orc wizard (Orc:2)
  2 orcs
  2 bushes (Lair:6)
  9 fungi
  47 plants
  3 withered plants (D:15)
196 creatures vanquished.

Grand Total: 1912 creatures vanquished

Notes
Turn   | Place    | Note
-------+----------+-------------------------------------------
     0 | Abyss:1  | Inarius the Minotaur Abyssal Knight began the quest for the Orb.
     0 | Abyss:1  | Reached XP level 1. HP: 19/19 MP: 1/1
    73 | Abyss:1  | Noticed an ancient zyme
    76 | D:1      | Escaped the Abyss
   221 | D:1      | Reached * piety under Lugonu
   304 | D:1      | Reached XP level 2. HP: 24/27 MP: 2/2
   442 | D:1      | Reached skill level 3 in Long Blades
   557 | D:1      | Reached XP level 3. HP: 32/34 MP: 3/3
  1040 | D:2      | Found a hazy altar of Hepliaklqana.
  1417 | D:2      | Reached ** piety under Lugonu
  1465 | D:2      | Reached XP level 4. HP: 29/41 MP: 4/4
  1964 | D:3      | Noticed Grinder
  2194 | D:3      | Paralysed by Grinder for 5 turns
  2213 | D:3      | Paralysed by Grinder for 2 turns
  2220 | D:3      | Killed Grinder
  2220 | D:3      | Reached skill level 5 in Fighting
  2220 | D:3      | Reached skill level 4 in Long Blades
  2220 | D:3      | Reached XP level 5. HP: 17/48 MP: 5/5
  2220 | D:3      | Reached XP level 6. HP: 20/56 MP: 6/6
  2299 | D:3      | Found an iron altar of Okawaru.
  2373 | D:3      | Found a radiant altar of Vehumet.
  2423 | D:3      | Found a stormy altar of Qazlal.
  2516 | D:3      | Noticed Terence
  2524 | D:3      | Killed Terence
  2524 | D:3      | Reached skill level 5 in Long Blades
  2612 | D:3      | Found a glowing drain.
  2629 | Sewer    | Entered a sewer
  2818 | Sewer    | Reached *** piety under Lugonu
  2880 | Sewer    | Found a white marble altar of Elyvilon.
  3036 | D:3      | Reached skill level 5 in Armour
  3438 | D:4      | Reached skill level 6 in Long Blades
  3438 | D:4      | Reached XP level 7. HP: 53/61 MP: 7/7
  3549 | D:4      | Reached skill level 1 in Short Blades
  3566 | D:4      | Found a shadowy altar of Dithmenos.
  3819 | D:4      | Found a burning altar of Makhleb.
  4207 | D:5      | Entered Level 5 of the Dungeon
  4309 | D:5      | Found an opulent altar of Gozag.
  4311 | D:5      | Found a sacrificial altar of Ru.
  4393 | D:5      | Found Zaitex Ylos's Armour Emporium.
  4408 | D:5      | Found a staircase to the Ecumenical Temple.
  4465 | D:5      | Reached XP level 8. HP: 70/70 MP: 9/9
  4544 | D:5      | Found a bloodstained altar of Trog.
  5042 | D:6      | Found a bloodstained altar of Trog.
  5071 | D:6      | Reached **** piety under Lugonu
  5071 | D:6      | Reached skill level 5 in Short Blades
  5566 | D:7      | Noticed Harold
  5601 | D:6      | Killed Harold
  5601 | D:6      | Reached XP level 9. HP: 45/79 MP: 11/11
  5766 | D:7      | Reached skill level 5 in Invocations
  5871 | D:7      | Found a hide-covered altar of Uskayaw.
  6579 | D:7      | Found a stormy altar of Qazlal.
  6686 | D:7      | Reached XP level 10. HP: 88/88 MP: 13/13
  6732 | D:8      | Found Tfruryecyu's Tempting Trifles.
  6732 | D:8      | Found a bloodstained altar of Trog.
  7062 | D:8      | Reached ***** piety under Lugonu
  7100 | D:8      | Reached skill level 7 in Long Blades
  7222 | D:5      | Bought a +2 buckler of poison resistance for 277 gold pieces
  7552 | D:8      | Noticed Prince Ribbit
  7561 | D:8      | Killed Prince Ribbit
  7836 | D:8      | Reached skill level 8 in Long Blades
  8001 | D:9      | Found a runed door.
  8148 | D:9      | Reached skill level 1 in Shields
  8496 | D:9      | Found an ornate altar of the Wu Jian Council.
  8554 | D:9      | Noticed buskinjo's ghost (novice MiGl)
  8583 | D:10     | Entered Level 10 of the Dungeon
  8655 | D:10     | Reached skill level 1 in Evocations
  8660 | D:10     | Reached skill level 9 in Long Blades
  8816 | D:10     | Noticed a death yak
  8816 | D:10     | Noticed a death yak
  8870 | D:10     | Killed a death yak
  8870 | D:10     | Reached XP level 11. HP: 40/95 MP: 15/15
  9156 | D:10     | Found a staircase to the Lair.
  9156 | D:10     | Noticed a death yak
  9156 | D:10     | Noticed a death yak
  9156 | D:10     | Noticed a death yak
  9208 | D:10     | Killed a death yak
  9323 | D:10     | Killed a death yak
  9323 | D:10     | Reached skill level 10 in Long Blades
  9453 | D:10     | Noticed a death yak
  9454 | D:10     | Noticed a death yak
  9484 | D:10     | Killed a death yak
  9491 | D:10     | Killed a death yak
  9512 | D:10     | Killed a death yak
  9629 | D:10     | Killed a death yak
  9820 | D:10     | Noticed Josephine
  9910 | D:10     | Killed Josephine
  9910 | D:10     | Reached skill level 11 in Long Blades
 10103 | D:10     | Found Aleo's Book Emporium.
 10409 | D:10     | Reached skill level 10 in Fighting
 10501 | D:10     | Reached XP level 12. HP: 71/106 MP: 16/16
 10952 | D:11     | Found a frozen archway.
 10974 | IceCv    | Entered an ice cave
 11264 | IceCv    | Identified Sif Muna's Incunabulum of the Entourage and Clay
 11319 | IceCv    | Reached skill level 10 in Armour
 11400 | IceCv    | Reached ****** piety under Lugonu
 11458 | IceCv    | Noticed a death yak
 11467 | IceCv    | Killed a death yak
 11470 | IceCv    | Reached skill level 5 in Evocations
 11471 | IceCv    | Noticed a death yak
 11487 | IceCv    | Killed a death yak
 11498 | IceCv    | Reached skill level 12 in Long Blades
 11498 | IceCv    | Reached skill level 5 in Shields
 11507 | IceCv    | Reached skill level 5 in Dodging
 11892 | IceCv    | Noticed a death yak
 11892 | IceCv    | Noticed a frost giant
 11921 | IceCv    | Killed a death yak
 11949 | IceCv    | Killed a frost giant
 11995 | IceCv    | Got a pitted glass ring
 12077 | D:11     | Reached skill level 13 in Long Blades
 12359 | D:10     | Identified the ring of Ovich {rC+ Int+2 Dex+2 SInv} (You found it in an ice cave)
 12740 | D:11     | Found a staircase to the Orcish Mines.
 12871 | D:11     | Reached XP level 13. HP: 95/116 MP: 17/17
 13085 | D:11     | Noticed Nergalle
 13097 | D:11     | Killed Nergalle
 13777 | D:12     | Reached skill level 14 in Long Blades
 13939 | D:12     | Noticed Maurice
 13954 | D:12     | Killed Maurice
 14373 | D:12     | Noticed Snorg
 14381 | D:12     | Killed Snorg
 14629 | D:12     | Found a runed gate.
 14630 | D:12     | Found a runed gate.
 14630 | D:12     | Found a runed gate.
 14633 | D:12     | Noticed Teq Ziqo's ghost (journeyman HaHu)
 14719 | D:9      | Killed buskinjo's ghost
 15363 | Lair:1   | Entered Level 1 of the Lair of Beasts
 16294 | Lair:2   | Found a staircase to the Shoals.
 17026 | Lair:3   | Noticed Urug
 17055 | Lair:3   | Killed Urug
 17344 | Lair:3   | Found a dark tunnel.
 17350 | Volcano  | Entered a volcano
 17422 | Volcano  | Reached XP level 14. HP: 95/127 MP: 18/18
 17640 | Volcano  | HP: 1/127 [skeletal warrior/halberd of flaming (10)]
 18403 | Lair:3   | Reached skill level 15 in Long Blades
 19431 | Lair:4   | Found a hole to the Spider Nest.
 20943 | Lair:5   | Found a staircase to the Slime Pits.
 21249 | Lair:6   | Entered Level 6 of the Lair of Beasts
 21546 | Lair:6   | Noticed Kirke
 21757 | Lair:6   | Reached XP level 15. HP: 114/137 MP: 21/21
 21897 | Lair:6   | Killed Kirke
 21966 | Lair:6   | Noticed Sonja
 21980 | Lair:6   | Killed Sonja
 23480 | D:12     | Reached skill level 16 in Long Blades
 23498 | D:12     | Banished Teq Ziqo's ghost
 23498 | D:12     | Reached skill level 10 in Invocations
 23510 | D:12     | Got an ancient war axe
 23514 | D:12     | Identified the cursed +0 war axe of Contradiction {chop, +Inv rPois} (You found it on level 12 of the Dungeon)
 23622 | D:13     | Found a runed door.
 23622 | D:13     | Noticed Axoor's ghost (journeyman MiFi)
 23782 | Orc:1    | Entered Level 1 of the Orcish Mines
 24115 | Orc:1    | Noticed Erolcha
 24136 | Orc:1    | Killed Erolcha
 24375 | Orc:2    | Entered Level 2 of the Orcish Mines
 24375 | Orc:2    | Found a staircase to the Elven Halls.
 24869 | Orc:2    | Noticed an orc warlord
 24882 | Orc:2    | Gained mutation: You are dopey. (Int -2) [a neqoxec]
 24934 | Orc:1    | Killed an orc warlord
 25504 | Orc:2    | Paralysed by an orc sorcerer for 3 turns
 25749 | Orc:2    | Found Zischoti's General Store.
 25750 | Orc:2    | Found Xufownau's Jewellery Emporium.
 25751 | Orc:2    | Found Lypeffi's Antique Armour Emporium.
 25751 | Orc:2    | Found Derhaatu's Antique Weapon Shoppe.
 25768 | Orc:2    | Bought a scroll of enchant weapon for 120 gold pieces
 25916 | Orc:2    | Noticed Donald
 26179 | Orc:2    | Reached skill level 15 in Fighting
 26626 | Orc:2    | Killed Donald
 26793 | D:10     | Bought a manual of Long Blades for 1214 gold pieces
 26943 | D:13     | Reached skill level 15 in Armour
 26960 | D:13     | Found a gate to the Vaults.
 27016 | D:13     | Killed Axoor's ghost
 27258 | D:13     | Reached skill level 17 in Long Blades
 27538 | D:13     | Reached XP level 16. HP: 149/149 MP: 23/23
 27640 | D:13     | Found the +7 longbow "Piercer" {penet, EV-2}
 28062 | D:14     | Found Caodd's Assorted Antiques.
 28091 | D:14     | Bought an emerald potion for 23 gold pieces
 28091 | D:14     | Bought a potion of heal wounds for 130 gold pieces
 28091 | D:14     | Bought a yellow potion for 23 gold pieces
 28091 | D:14     | Bought a wand of acid (5) for 208 gold pieces
 28296 | D:14     | Found Siuxtua's Serpentskin Sales.
 28635 | D:14     | Found a shadowy altar of Dithmenos.
 28834 | D:15     | Entered Level 15 of the Dungeon
 28932 | D:15     | Found a staircase to the Depths.
 30755 | Shoals:1 | Entered Level 1 of the Shoals
 31249 | Shoals:1 | Found Pixzy's Antique Weapon Emporium.
 32781 | Shoals:2 | Reached skill level 18 in Long Blades
 33386 | Shoals:3 | Reached skill level 10 in Shields
 33386 | Shoals:3 | Reached XP level 17. HP: 78/158 MP: 24/24
 34773 | Shoals:4 | Entered Level 4 of the Shoals
 36498 | Shoals:4 | Noticed Ilsuiw
 36753 | Shoals:4 | Banished Ilsuiw
 37033 | Shoals:4 | Got a barnacled rune of Zot
 37187 | Spider:1 | Entered Level 1 of the Spider Nest
 38100 | Spider:1 | Reached skill level 19 in Long Blades
 38777 | Spider:2 | Reached XP level 18. HP: 170/170 MP: 26/26
 40976 | Spider:3 | Noticed Arachne
 41210 | Spider:4 | Entered Level 4 of the Spider Nest
 41635 | Spider:4 | Reached skill level 20 in Long Blades
 43737 | Spider:4 | Reached XP level 19. HP: 178/179 MP: 28/28
 43902 | Spider:4 | Got a gossamer rune of Zot
 44345 | Vaults:1 | Entered Level 1 of the Vaults
 45437 | Vaults:1 | Noticed Asterion
 45457 | Vaults:1 | Killed Asterion
 45962 | Vaults:1 | Reached skill level 21 in Long Blades
 47229 | Elf:1    | Entered Level 1 of the Elven Halls
 47531 | Elf:1    | Reached skill level 15 in Shields
 48274 | Elf:1    | You fall through a shaft!
 48539 | Elf:1    | Reached XP level 20. HP: 185/191 MP: 29/29
 48737 | Elf:2    | Found a runed gate.
 48746 | Elf:2    | Found a runed gate.
 48746 | Elf:2    | Found a runed gate.
 48821 | Elf:2    | Cast into level 2 of the Abyss (a deep elf sorcerer)
 49140 | Elf:2    | Escaped the Abyss
 49767 | Elf:2    | Reached skill level 22 in Long Blades
 50060 | Elf:3    | Entered Level 3 of the Elven Halls
 50107 | Elf:3    | Noticed Roxanne
 50136 | Elf:3    | Banished Roxanne
 51961 | Vaults:2 | Found a staircase to the Crypt.
 52192 | Vaults:2 | Noticed Nikola
 52203 | Vaults:2 | Killed Nikola
 53601 | Vaults:3 | Reached skill level 15 in Invocations
 53614 | Vaults:3 | Got a transparent battleaxe {flame}
 53866 | Vaults:3 | Identified the +4 battleaxe of Nemelex Xobeh's Pride {flame, Str+2} (You took it off a yaktaur on level 3 of the Vaults)
 53982 | Vaults:3 | Reached skill level 10 in Short Blades
 54386 | Vaults:3 | Reached XP level 21. HP: 192/201 MP: 31/31
 54533 | Vaults:3 | Found Arazxis's Jewellery Emporium.
 54606 | Vaults:3 | Bought the amulet of the Four Winds {rN+ MR+++ Clar} for 921 gold pieces
 54606 | Vaults:3 | Found the amulet of the Four Winds {rN+ MR+++ Clar}
 56908 | Vaults:4 | Found a deep blue altar of Sif Muna.
 57279 | Vaults:4 | Got a flickering pewter ring
 57402 | Vaults:4 | Identified the ring "Unamm" {MP+9 Str+2} (You took it off an orc warrior on level 4 of the Vaults)
 57483 | Vaults:4 | Got an ancient chain mail
 57495 | Vaults:4 | Identified the +3 chain mail "Ottegiass" {MP-9 Int-3 Dex+7 Stlth+} (You took it off an orc warlord on level 4 of the Vaults)
 57756 | Vaults:4 | Got a scorched falchion
 57757 | Vaults:4 | Identified the +2 falchion of Kamoviwk {slice, rF++} (You found it on level 4 of the Vaults)
 58040 | Vaults:4 | Mangled by an Ice Fiend

Skill      XL: |  1  2  3  4  5  6  7  8  9 10 11 12 13 14 15 16 17 18 19 20 21 |
---------------+----------------------------------------------------------------+-----
Fighting       | 4 5 7 8 10 11 12 13 15 16 17 18 19 20 | 20.5
Long Blades    | 3 4 6 9 11 13 14 15 17 18 19 20 21 22 | 22.3
Armour         | 3 4 5 6 7 8 9 10 12 13 15 16 17 18 19 | 19.1
Dodging        | 2 3 4 5 6 7 8 |  8.1
Short Blades   | 3 7 9 10 12 | 12.1
Invocations    | 3 4 5 7 9 10 11 12 13 14 15 | 15.8
Shields        | 2 4 5 7 10 12 14 15 16 17 | 17.4
Evocations     | 2 4 6 7 |  7.0
Stealth        | |  0.6

Action                   |  1- 3 |  4- 6 |  7- 9 | 10-12 | 13-15 | 16-18 | 19-21 || total
-------------------------+-------+-------+-------+-------+-------+-------+-------++-------
Melee: Falchion          |    78 |   125 |       |       |       |       |       ||   203
       Headbutt          |    14 |    23 |    72 |   207 |   614 |   525 |   668 ||  2123
       Rapier            |       |    30 |   332 |       |     6 |    85 |   924 ||  1377
       Scimitar          |       |       |     6 |   809 |  1899 |  2076 |  1433 ||  6223
       Short sword       |       |       |       |       |   125 |       |       ||   125
Invok: Depart the Abyss  |     1 |       |       |       |       |       |       ||     1
       Banish            |       |       |       |       |       |     4 |       ||     4
       Bend Space        |       |       |       |       |       |       |     1 ||     1
Evoke: Wand              |       |       |       |     2 |    36 |   141 |    11 ||   190
  Use: Potion            |       |     2 |       |     2 |     5 |     6 |    11 ||    26
       Scroll            |       |     6 |     8 |     3 |    17 |    15 |    13 ||    62
 Stab: Paralysed         |       |       |       |       |       |     6 |       ||     6
       Held in net/web   |       |       |       |       |       |       |     1 ||     1
  Eat: Chunk             |     2 |     6 |     9 |    21 |    41 |    38 |    36 ||   153
       Ration            |       |       |     1 |       |     3 |     6 |     3 ||    13
Armor: Ring mail         |    23 |       |       |       |       |       |       ||    23
       Plate armour      |    22 |     3 |       |       |   713 |  1275 |   469 ||  2482
       Chain mail        |       |    80 |   150 |   319 |   196 |       |       ||   745
Dodge: Dodged            |    45 |    67 |   161 |   382 |   909 |  1209 |   738 ||  3511
Block: Buckler           |       |       |       |   179 |   601 |   493 |   221 ||  1494
       Shield            |       |       |       |       |    56 |   717 |   789 ||  1562
       Reflection        |       |       |       |       |    10 |   154 |    78 ||   242
       Rpst.: Falchion   |     8 |    17 |       |       |       |       |       ||    25
       Scimitar          |       |       |     2 |    96 |   178 |   197 |    98 ||   571
